AoeStats
← JuL10SSJ

Golden Pit

510088578Analyzed
1v1 RM · 2d ago on Sep 29, 2026· 43m 56s· 2 players
Game mode
Random Map
Map size
Tiny (2 player)
Population
200
Speed
Normal
Resources
Standard
Victory
Conquest
Starting age
Dark Age
Ending age
Imperial Age
RankedLock teamsTeams togetherTeam positionsShared explorationLock speedFull tech treeHidden civsTurbo modeCheats
Victory
Defeat
🇨🇳 Sicilians · China
997
+15
🇨🇱 Danes · Chile
969
-15
JuL10SSJ
7:58 Loom
10:12 Feudal Age
14:51 Castle Age
14:23 Stone Mining
14:51 Double-Bit Axe
19:13 Gambesons
23:03 Sanctity
22:54 Fervor
29:21 Horse Collar
36:59 Gold Mining
38:21 Fletching
40:01 Heavy Plow
41:15 Wheelbarrow
40:26 Town Watch
40:49 Hamask
42:36 Squires
42:22 Arson
42:45 Padded Archer Armor
43:09 Murder Holes
43:35 Ballistics
43:52 Forging
43:43 Scale Mail Armor
apple
5:04 Loom
11:34 Feudal Age
12:11 Double-Bit Axe
12:07 Horse Collar
15:45 Wheelbarrow
19:42 Stone Mining
22:02 Castle Age
22:53 Heavy Plow
23:04 Bow Saw
24:16 Gold Mining
25:36 Forging
27:22 Town Watch
31:32 Hand Cart
33:27 Gold Shaft Mining
32:43 Stone Mining
38:05 Imperial Age
35:45 Fletching
36:32 Town Patrol
37:16 Fervor
37:09 Devotion
37:20 Fervor
37:53 Stone Shaft Mining
38:51 Ballistics
39:22 Conscription
39:36 Scale Mail Armor
39:27 Fletching
40:13 Iron Casting
39:47 Scale Barding Armor
40:23 Guilds
40:26 Siege Engineers
41:25 Husbandry
41:35 Bloodlines
40:48 Light Cavalry
43:43 Hauberk
Connection lost

Rejoining the realm…

Still unreachable

The connection could not be restored.

Session expired

The server has moved on; the page needs a fresh start.